 Dungeon Crawl Stone Soup version 0.19.3-1-g3169bf9 (webtiles) character file.

100 Naow the Conjurer (level 4, -8/24 HPs)
             Began as a Deep Elf Conjurer on Jan 23, 2017.
             Mangled by chimenez's ghost (10 damage)
             ... on level 3 of the Dungeon.
             The game lasted 00:03:30 (2715 turns).

Naow the Conjurer (Deep Elf Conjurer)               Turns: 2715, Time: 00:03:31

Health: -8/24      AC:  2    Str:  5    XL:     4   Next: 47%
Magic:  0/12       EV: 13    Int: 21    God:
Gold:   94         SH:  0    Dex: 15    Spells: 2 memorised, 8 levels left

rFire  . . .     SeeInvis .     n - +0 short sword
rCold  . . .     Gourm    .     a - +0 robe
rNeg   . . .     Faith    .     (no shield)
rPois  .         Spirit   .     (no helmet)
rElec  .         Reflect  .     (no cloak)
rCorr  .         Harm     .     (no gloves)
MR     .....                    (no boots)
Stlth  ++........               (no amulet)
                                (no ring)
                                (no ring)

@: no status effects
A: no striking features
a: no special abilities


You were on level 3 of the Dungeon.
You were not hungry.

You visited 1 branch of the dungeon, and saw 3 of its levels.

You collected 94 gold pieces.

Inventory:

Hand Weapons
 n - a +0 short sword (weapon)
Armour
 a - a +0 robe (worn)
Jewellery
 x - a cursed ring of teleportation {unknown}
Wands
 r - a wand of digging (11/24)
Scrolls
 g - a scroll of fear {unknown}
 h - a scroll of fog {unknown}
 j - a scroll of magic mapping {unknown}
 k - 2 scrolls of remove curse {unknown}
 m - a scroll of blinking {unknown}
 o - a scroll of recharging {unknown}
 s - 2 scrolls of identify {unknown}
Potions
 d - a potion of resistance {unknown}
 e - a potion of degeneration {unknown}
 f - a potion of cancellation {unknown}
 i - a potion of ambrosia {unknown}
 l - 2 potions of lignification {unknown}
 p - a potion of flight {unknown}
 t - a potion of haste {unknown}
 v - a potion of brilliance {unknown}
Books
 b - a book of Conjurations

   Spells                             Type                      Level
   a - Magic Dart                     Conjuration                  1
   b - Searing Ray                    Conjuration                  2
   c - Dazzling Spray                 Conjuration/Hexes            3
   d - Fulminant Prism                Conjuration/Hexes            4
   e - Iskenderun's Mystic Blast      Conjuration                  4
   f - Iskenderun's Battlesphere      Conjuration/Charms           5
Comestibles
 c - 4 bread rations
 q - 2 fruits
 u - 7 chunks of flesh
 w - a meat ration


   Skills:
 - Level 2.4 Dodging
 - Level 2.4 Stealth
 + Level 4.4 Spellcasting
 * Level 5.9 Conjurations


You had 8 spell levels left.
You knew the following spells:

 Your Spells              Type           Power        Failure   Level  Hunger
a - Magic Dart            Conj           ####         1%          1    None
b - Searing Ray           Conj           ####..       1%          2    #......


Dungeon Overview and Level Annotations

Branches:
Dungeon (3/15)

Altars:

Annotations:
D:3 chimenez's ghost, amateur OgHu


Message History

* * * LOW HITPOINT WARNING * * *
Some of the chunks of flesh in your inventory have rotted away.
The searing ray hits chimenez's ghost.
Chimenez's ghost is severely damaged.
Chimenez's ghost misses you.
The searing ray misses chimenez's ghost.
Chimenez's ghost hits you.
* * * LOW HITPOINT WARNING * * *
The searing ray hits chimenez's ghost.
Chimenez's ghost is almost destroyed.
You finish channeling your searing ray.
Chimenez's ghost barely misses you.
Casting: Searing Ray
Confirm with . or Enter, or press ? or * to list all spells.
Aiming: Magic Dart
Press: ? - help, Shift-Dir - straight line, f/p - chimenez's ghost
Aim: chimenez's ghost (almost destroyed)
The magic dart hits chimenez's ghost.
Chimenez's ghost is almost destroyed.
Chimenez's ghost hits you!
You die...

.# .# .# .# ## #
.##############
..............# #
.##.#########.##########
#.# ......
#.......@W...?.. #..
###.#.# #.###.#####.(...
### #.#.# #.. ... # #.#
# #.# . # #.# #.# #
#.#.# ##.##
##.########### ###.#.#
.# ....# ...##........
....#.# .# #.... ...
...###### ##..#.#
#.###...# ... #>.#


You could see chimenez's ghost.

Vanquished Creatures
  Robin (D:2)
  2 adders
  3 worms
  A dart slug (D:1)
  A leopard gecko (D:2)
  2 orcs (D:3)
  4 bats
  3 giant cockroaches
  13 goblins
  5 hobgoblins
  4 jackals (D:1)
  6 kobolds
  2 ball pythons
  2 frilled lizards
  6 rats
55 creatures vanquished.

Notes
Turn   | Place    | Note
-------+----------+-------------------------------------------
     0 | D:1      | Naow the Deep Elf Conjurer began the quest for the Orb.
     0 | D:1      | Reached XP level 1. HP: 10/10 MP: 6/6
   280 | D:1      | Reached XP level 2. HP: 15/15 MP: 2/8
   659 | D:1      | Reached skill level 5 in Conjurations
  1075 | D:2      | Found a faded altar of an unknown god.
  1248 | D:2      | Reached XP level 3. HP: 19/19 MP: 0/10
  1561 | D:2      | Learned a level 2 spell: Searing Ray
  1635 | D:2      | Noticed Robin
  1923 | D:2      | Killed Robin
  2099 | D:2      | Reached XP level 4. HP: 24/24 MP: 6/12
  2704 | D:3      | Noticed chimenez's ghost (amateur OgHu)
  2715 | D:3      | Mangled by chimenez's ghost

Skill      XL: |  1  2  3 |
---------------+----------+-----
Conjurations   | 5 |  5.9
Spellcasting   | 4 |  4.4
Dodging        | |  2.4
Stealth        | |  2.4

Action                   |  1- 3 |  4- 6 || total
-------------------------+-------+-------++-------
Melee: Unarmed           |     5 |       ||     5
       Short sword       |     6 |       ||     6
 Cast: Magic Dart        |    74 |    30 ||   104
       Searing Ray       |     2 |     3 ||     5
  Eat: Chunk             |     3 |     2 ||     5
Armor: Robe              |     1 |     1 ||     2
Dodge: Dodged            |    17 |     2 ||    19
